 Dungeon Crawl Stone Soup version 0.31.0-32-g396128a36d (webtiles) character file.

Game seed: 7205058102566722257

3433 RotoRooter the Thaumaturge (level 9, 0/57 HPs)
             Began as a Mummy Necromancer on Apr 15, 2024.
             Was a Believer of Kikubaaqudgha.
             Killed from afar by a tengu conjurer (27 damage)
             ... with a bolt of lightning
             ... on level 8 of the Dungeon.
             The game lasted 00:35:44 (7358 turns).

RotoRooter the Thaumaturge (Mummy Necromancer)      Turns: 7358, Time: 00:35:45

Health: 0/57       AC: 17    Str: 12    XL:     9   Next: 77%
Magic:  9/22       EV: 25    Int: 18    God:    Kikubaaqudgha [**....]
Gold:   358        SH:  0    Dex: 12    Spells: 14/26 levels left

rFire   x . .        a - staff of alchemy
rCold   + . .        q - orb {mayhem}
rNeg    + + +        k - +3 ring mail
rPois   ∞            p - +2 helmet
rElec   .            j - +0 cloak
rCorr   .            (no gloves)
SInv    +            (no boots)
Will    +....        l - amulet of the acrobat
Stlth   +            i - +4 ring of protection
HPRegen 0.29/turn    h - ring of see invisible
MPRegen 0.18/turn

%: mayhem, acrobat, faith
@: acrobatic
A: cold resistance 1, negative energy resistance 3, torment resistance 2, heat
vulnerability 1, in touch with death 1, no potions, faith
a: Renounce Religion, Unearth Wretches


You were on level 8 of the Dungeon.
You worshipped Kikubaaqudgha.
Kikubaaqudgha was pleased with you.
You visited 1 branch of the dungeon, and saw 8 of its levels.
You also visited: Ossuary.

You collected 414 gold pieces.
You spent 56 gold pieces at shops.

Inventory:

Missiles
 f - a throwing net
Armour
 j - a +0 cloak (worn)
 k - a +3 ring mail (worn)
 p - a +2 helmet (worn)
 q - an orb of mayhem (worn)
Magical Staves
 a - a staff of alchemy (weapon)
 o - a staff of cold
Jewellery
 h - a ring of see invisible (right hand)
 i - a +4 ring of protection (left hand)
 l - an amulet of the acrobat (around neck)
 s - an amulet of magic regeneration
Wands
 r - a wand of charming (13)
 u - a wand of quicksilver (9)
Scrolls
 b - 3 scrolls of revelation
 c - 3 scrolls of teleportation {unknown}
 d - a scroll of enchant armour
 e - 4 scrolls of immolation {unknown}
 g - a scroll of fear
 m - 2 scrolls of silence {unknown}
 n - 4 scrolls of identify
 t - a scroll of fog {unknown}


   Skills:
 + Level 5.9 Armour
 - Level 1.5 Dodging
 - Level 1.5 Stealth
 * Level 9.2 Spellcasting
 + Level 4.1 Conjurations
 + Level 7.3 Necromancy
 + Level 3.9 Alchemy


You had 14 spell levels left.
You knew the following spells:

 Your Spells              Type           Power      Damage    Failure   Level
a - Necrotise             Necr           100%       1d9       1%          1
b - Sting                 Conj/Alch      100%       1d9       3%          1
c - Animate Dead          Necr           51%        N/A       9%          4
d - Petrify               Alch/Erth      23%        N/A       61%         4
e - Cigotuvi's Dreadful   Necr/Alch/Air  98%        N/A       6%          2

Your spell library contained the following spells:

 Spells                   Type           Power      Damage    Failure   Level
 Kiss of Death            Conj/Necr      100%       2d13      1%          1
 Vampiric Draining        Necr           51%        2d9       2%          3
 Dazzling Flash           Conj/Hex       30%        N/A       22%         3
 Curse of Agony           Necr           51%        N/A       24%         5
 Fulminant Prism          Conj/Alch      17%        3d11      32%         4
 Volatile Blastmotes      Fire/Tloc      16%        2d11      47%         3
 Iskenderun's Mystic Bla  Conj/Tloc      15%        2d5       58%         4
 Irradiate                Conj/Alch      17%        3d17      67%         5
 Starburst                Conj/Fire      7%         6d4       100%        6
 Maxwell's Capacitive Co  Air            4%         ∞         100%        8
 Sublimation of Blood     Necr           Unusable   N/A       N/A         2

Dungeon Overview and Level Annotations

Branches:
Dungeon (8/15)             Temple (0/1) D:6         Ossuary (visited)
   Lair: D:8-11

Altars:
Cheibriados
Dithmenos
Kikubaaqudgha
Qazlal
Xom

Shops:
D:5 ?

Annotations:
D:3 3 runed translucent doors, flammie80's ghost, weakling FoMo
D:7 1 runed translucent door, unrecovered's ghost, novice DsBe


Innate Abilities, Weirdness & Mutations

You are immune to poison.
Your flesh is cold resistant. (rC+)
You are immune to negative energy. (rN+++)
You are immune to unholy pain and torment.
You are vulnerable to heat. (rF-)
You are in touch with the powers of death.
You do not drink.
You have a special connection with the divine. (Faith)


Message History

The dead are walking!
You now have 358 gold pieces (gained 11).
You swap places.
You swap places.
You swap places.
You swap places.
Your reaping aura is weakening.
Found a tapered gold wand.
Your reaping aura expires.
u - a wand of quicksilver (9)
You start resting.
A tengu conjurer is nearby!
You swap places.
An orc comes into view. It is wielding a +0 hand axe.
You swap places.
The orc barely misses you.
Casting: Sting (safe; 3% risk of failure)
Confirm with . or Enter, or press ? or * to list all spells.
Aiming: Necrotise (safe; 1% risk of failure)
Press: ? - help, Shift-Dir - straight line, f - orc
Aim: an orc, wielding a +0 hand axe (ally target, chance to affect: 93%)
You feel a surge of power!
The orc writhes in agony.
You kill the orc!
Kikubaaqudgha accepts your kill.
The dead are walking!
You swap places.
An orc comes into view. It is wielding a +0 hand axe.
The orc hits your yak zombie but does no damage.
Your yak zombie completely misses the orc.
The orc hits your yak zombie with a +0 hand axe.
The orc hits your orc skeleton but does no damage.
Your orc skeleton hits the orc.
Your yak zombie gores the orc.
The battlesphere appears!
The orc hits your yak zombie with a +0 hand axe.
The orc hits your orc skeleton with a +0 hand axe.
A battlesphere comes into view.
You swap places.
The tengu conjurer gestures at you while chanting.
The bolt of lightning misses the orc.
The bolt of lightning hits you!!
You die...
Kikubaaqudgha rasps: "You have failed me!
Welcome... oblivion!"

#######.#.#
#!..Q.....#
##.#.###.###
....# #.# #.#.#
#.# #.#.#
#.#####... #.#.#
#.<......%
####.#.#
##†###.#Q.
#.Z@o).####.##.#
#.ZZ#....*Q...#
#...#..####.##.#
#.###.## #... ..
#.....# ##### ##
##.....#
#......#
#.......
........


You could see a tengu conjurer, a battlesphere (distracted), an orc (distracted,
ally target), 2 friendly yak zombies and a friendly orc skeleton.

Vanquished Creatures
  Jeremiah (D:7)
  2 yaks (D:8)
  Sigmund (D:4)
  Menkaure (D:7)
  A water moccasin (D:6)
  An ice beast (D:7)
  A black bear (D:6)
  2 centaurs
  2 phantoms
  3 bullfrogs
  A scorpion (D:7)
  2 killer bees (D:8)
  2 howler monkeys (D:8)
  2 jellies (D:5)
  A hound (D:6)
  A gnoll bouda (D:4)
  4 iguanas
  A sleepcap (D:6)
  2 orc wizards (D:6)
  8 gnolls
  3 adders
  A shadow imp (D:6)
  A ribbon worm (D:5)
  3 dart slugs
  6 orcs
  7 bats
  4 endoplasms
  2 giant cockroaches (D:4)
  7 hobgoblins
  3 jackals (D:2)
  14 kobolds
  2 quokkas
  7 ball pythons
  3 frilled lizards (D:1)
  3 goblins
105 creatures vanquished.

Vanquished Creatures (collateral kills)
  A wyvern (D:8)
  3 yaks (D:8)
  The ghost of obamaself2 the Digger, an amateur DgEE (D:4)
  An ogre (D:4)
  A phantom (D:7)
  A kobold brigand (D:7)
  A yak zombie (D:8)
  3 killer bees (D:8)
  A jelly (D:4)
  An iguana (D:6)
  2 gnolls
  A white imp (D:8)
  2 orcs (D:5)
  An endoplasm (D:1)
20 creatures vanquished.

Vanquished Creatures (others)
  A bullfrog zombie (D:6)
  4 killer bee zombies (D:8)
  An orc zombie (D:6)
  An iguana zombie (D:6)
  An endoplasm zombie (D:4)
  A giant cockroach zombie (D:4)
  2 gnoll zombies (D:6)
11 creatures vanquished.

Grand Total: 136 creatures vanquished

Notes
Turn   | Place    | Note
-------+----------+-------------------------------------------
     0 | D:1      | RotoRooter the Mummy Necromancer began the quest for the
                  | Orb.
     0 | D:1      | Reached XP level 1. HP: 13/13 MP: 4/4
   206 | D:1      | Reached XP level 2. HP: 19/19 MP: 2/5
   627 | D:2      | Found a faded altar of an unknown god.
   652 | D:2      | Got Plato's Parchment of Esoterica
   718 | D:2      | Reached skill level 5 in Necromancy
   735 | D:2      | Reached XP level 3. HP: 24/24 MP: 4/7
   876 | D:2      | Learned a level 1 spell: Sting
  1523 | D:3      | Found a runed translucent gate.
  1525 | D:3      | Found a runed translucent gate.
  1525 | D:3      | Found a runed translucent gate.
  1525 | D:3      | Noticed a kobold brigand
  1525 | D:3      | Noticed flammie80's ghost (weakling FoMo)
  1769 | D:3      | Found a shimmering altar of Xom.
  2576 | D:4      | Reached skill level 1 in Armour
  2576 | D:4      | Reached XP level 4. HP: 30/30 MP: 4/8
  2626 | D:4      | Noticed an ogre
  2638 | D:4      | Killed an ogre
  2639 | D:4      | Reached XP level 5. HP: 24/35 MP: 0/9
  2664 | D:4      | Noticed Sigmund
  2676 | D:5      | Entered Level 5 of the Dungeon
  2862 | D:5      | Reached XP level 6. HP: 25/41 MP: 2/10
  3007 | D:5      | Found Ysieg Titwu's Magic Scroll Shoppe.
  3015 | D:5      | Bought a scroll of identify for 28 gold pieces
  3015 | D:5      | Bought a scroll of identify for 28 gold pieces
  3341 | D:4      | Killed Sigmund
  3342 | D:4      | Reached skill level 3 in Spellcasting
  3454 | D:4      | Reached skill level 1 in Conjurations
  3454 | D:4      | Reached skill level 1 in Alchemy
  3458 | D:4      | Reached XP level 7. HP: 17/46 MP: 1/12
  3466 | D:4      | Reached skill level 4 in Spellcasting
  3760 | D:4      | Found an ancient bone altar of Kikubaaqudgha.
  3769 | D:4      | Became a worshipper of Kikubaaqudgha
  3775 | D:4      | Learned a level 4 spell: Animate Dead
  3780 | D:4      | Learned a level 4 spell: Petrify
  3991 | D:4      | Found a large runed translucent door.
  3991 | D:4      | Found a large runed translucent door.
  3993 | D:4      | Noticed obamaself2's ghost (amateur DgEE)
  4020 | D:4      | Killed obamaself2's ghost
  4288 | D:5      | Reached skill level 5 in Spellcasting
  4428 | D:5      | Found a stormy altar of Qazlal.
  4827 | D:6      | Found a sand-covered staircase.
  4834 | Ossuary  | Entered an ossuary
  4965 | D:6      | Reached XP level 8. HP: 51/52 MP: 4/16
  5131 | D:6      | Reached * piety under Kikubaaqudgha
  5131 | D:6      | Received a gift from Kikubaaqudgha
  5132 | D:6      | Reached skill level 6 in Spellcasting
  5135 | D:6      | Learned a level 2 spell: Cigotuvi's Dreadful Rot
  5313 | D:6      | Found a staircase to the Ecumenical Temple.
  5384 | D:6      | Found a shadowy altar of Dithmenos.
  5386 | D:6      | Found a snail-covered altar of Cheibriados.
  5727 | D:6      | Reached skill level 5 in Armour
  6030 | D:7      | Noticed Jeremiah
  6052 | D:7      | Killed Jeremiah
  6053 | D:7      | Reached skill level 7 in Spellcasting
  6279 | D:7      | Reached XP level 9. HP: 45/57 MP: 11/20
  6359 | D:7      | Found a runed translucent door.
  6359 | D:7      | Noticed unrecovered's ghost (novice DsBe)
  6391 | D:7      | Noticed Menkaure
  6398 | D:7      | Killed Menkaure
  6883 | D:8      | Reached skill level 8 in Spellcasting
  7062 | D:8      | Reached ** piety under Kikubaaqudgha
  7281 | D:8      | Noticed a tengu conjurer
  7295 | D:8      | Reached skill level 9 in Spellcasting
  7358 | D:8      | Killed from afar by a tengu conjurer

Illustrated notes

Levels and vault maps discovered:
D:1:      matt_arrival_refuge, layout_loops_cross, columned_hall_lemuel,
          nicolae_titane
D:2:      layout_basic, shapermc_ecumenical_altar_rom_forum
D:3:      layout_loops_ring, mainiacjoe_overflow_brackets,
          gammafunk_ghost_nasty_kobolds, minivault_14
D:4:      layout_basic, kiku_gazebo_garden_becter, ebering_ghost_disaster_area,
          uniq_sigmund
D:5:      layout_loops_ring, lemuel_round_altar, serial_shops,
          nicolae_shop_statue_plus
D:6:      layout_loops_ring, mainiacjoe_overflow_catwalk_spiral, temple_statues,
          enter_ossuary_1, dreamdust_gnoll_farm
D:7:      nicolae_cairo_tiling, layout_rooms, gammafunk_ghost_grave,
          minmay_misc_feat_square, uniq_menkaure, uniq_jeremiah
D:8:      layout_loops_ring, grunt_ministairs_9, small_chamber_with_monster

Skill      XL: |  1  2  3  4  5  6  7  8  9 |
---------------+----------------------------+-----
Necromancy     | 5 6 7 |  7.3
Armour         | 1 3 4 5 |  5.9
Spellcasting   | 3 5 7 9 |  9.2
Conjurations   | 1 2 3 4 |  4.1
Alchemy        | 1 2 3 |  3.9
Dodging        | |  1.5
Stealth        | |  1.5

Action                     |  1- 3 |  4- 6 |  7- 9 || total
---------------------------+-------+-------+-------++-------
  Melee: Unarmed           |     6 |       |       ||     6
         Staff             |       |     5 |   165 ||   170
         Punch             |       |       |     2 ||     2
   Cast: Necrotise         |    62 |    50 |   124 ||   236
         Sting             |     8 |       |    63 ||    71
         Animate Dead      |       |       |    11 ||    11
    Use: Scroll            |       |     3 |       ||     3
   Stab: Distracted        |       |       |     1 ||     1
 Armour: Robe              |    14 |       |       ||    14
         Ring mail         |       |    19 |   237 ||   256
  Dodge: Dodged            |    16 |     7 |   212 ||   235
